 Dungeon Crawl Stone Soup version 0.18-a0-1637-g109f206 (webtiles) character file.

130 Geeful the Insei (level 5, -3/33 HPs)
             Began as an Octopode Transmuter on Mar 26, 2016.
             Slain by Robin
             ... wielding a +8 club
              (9 damage)
             ... on level 3 of the Dungeon.
             The game lasted 00:16:00 (2968 turns).

Geeful the Insei (Octopode Transmuter)              Turns: 2968, Time: 00:16:00

Health: -3/33      AC:  1    Str: 10    XL:     5   Next: 13%
Magic:  7/9        EV: 12    Int: 15    God:
Gold:   124        SH:  0    Dex: 13    Spells: 3 memorised, 4 levels left

rFire  + . .     SeeInvis .       - Unarmed
rCold  . . .     Gourm    .     (no shield)
rNeg   . . .     Faith    .     (helmet restricted)
rPois  +         Spirit   .     (no amulet)
rElec  .         Dismiss  .     e - ring of poison resistance
rCorr  .         Reflect  .     g - ring of protection from fire
SustAt .         Harm     .     s - ring of wizardry
MR     .....                    (no ring)
Stlth  ++........               (no ring)
                                (no ring)
                                (no ring)
                                (no ring)

@: not resistant to hostile enchantments, unstealthy
A: almost no armour, amphibious, 8 rings, constrict 8, camouflage 1, gelatinous
body 1
a: no special abilities


You were on level 3 of the Dungeon.
You were not hungry.

You visited 1 branch of the dungeon, and saw 3 of its levels.

You collected 124 gold pieces.

Inventory:

Missiles
 a - 56 arrows
 n - 4 exploding tomahawks (quivered)
 p - 13 poisoned needles
 q - 5 javelins
Armour
 o - a +0 buckler
Jewellery
 e - a ring of poison resistance (left tentacle)
 g - a ring of protection from fire (right tentacle)
 s - a ring of wizardry (on tentacle)
Scrolls
 f - a scroll of enchant weapon
 j - a scroll of blinking
 k - 2 scrolls of teleportation
 m - a scroll of fear
Potions
 d - 2 potions of curing {unknown}
 l - a potion of magic {unknown}
 r - a potion of might {unknown}
 u - a potion of experience {unknown}
 v - a potion of brilliance {unknown}
 w - a potion of heal wounds {unknown}
Books
 b - a book of Changes

   Spells                             Type                      Level
   a - Beastly Appendage              Transmutation                1
   b - Sticks to Snakes               Transmutation                2
   c - Spider Form                    Transmutation/Poison         3
   d - Ice Form                       Ice/Transmutation            4
   e - Blade Hands                    Transmutation                5
Comestibles
 c - 2 bread rations
 h - 3 meat rations
 i - a beef jerky
 t - 3 chunks of flesh


   Skills:
 - Level 1.0 Fighting
 - Level 2.0 Dodging
 + Level 4.0 Unarmed Combat
 + Level 3.3 Spellcasting
 + Level 3.1 Transmutations


You had 4 spell levels left.
You knew the following spells:

 Your Spells              Type           Power        Failure   Level  Hunger
a - Beastly Appendage     Trmt           ##....       3%          1    #......
b - Sticks to Snakes      Trmt           ##......     4%          2    ##.....
c - Spider Form           Trmt/Pois      #.........   14%         3    ###....


Dungeon Overview and Level Annotations

Branches:
Dungeon (3/15)

Altars:
Xom
The Shining One

Annotations:
D:3 Robin


Innate Abilities, Weirdness & Mutations

You cannot wear most types of armour.
You are amphibious.
You can wear up to eight rings at the same time.
You can use your tentacles to constrict eight enemies at once.
Your skin changes colour to match your surroundings (Stealth).
Your rubbery body absorbs attacks (AC +1).


Message History

You hit Robin.
Robin is poisoned.
Robin is lightly wounded.
The goblin completely misses you.
You hit Robin.
Robin looks even sicker.
Robin is moderately wounded.
Your transformation has ended.
Robin throws the goblin at you! The goblin completely misses you.
You barely miss Robin. You grab Robin.
Robin is heavily wounded.
You constrict Robin. The goblin closely misses you.
Robin hits you with an enchanted club. The goblin barely misses you.
The hobgoblin hits you with a club!
You are too injured to fight recklessly!
You barely miss Robin.
Robin is severely wounded.
You constrict Robin.
The goblin hits you with a dagger of venom!
* * * LOW HITPOINT WARNING * * *
Robin hits you with an enchanted club!
You die...

###### #....#######
#########....##....#######
#......gg.g...............
.>....ggg@...(.........###
.....####g....#....#.#.##
g$. ####............# .
#.#.###.#.#..#
#.......#.#..#
#...###[#.#..#
#...#...#.#..#
#............## ########
#..#......#...รท


You could see Robin, a hobgoblin and 5 goblins.

Vanquished Creatures
  3 adders
  3 worms (D:2)
  A dart slug (D:1)
  3 giant geckos
  An orc (D:3)
  2 ball pythons
  3 giant cockroaches
  14 goblins
  9 hobgoblins
  8 kobolds
  A quokka (D:3)
  4 bats
  4 giant newts
  3 rats
59 creatures vanquished.

Vanquished Creatures (collateral kills)
  Jessica (D:2)
  An adder (D:2)
  A bat (D:2)
  A goblin (D:2)
  A kobold (D:2)
5 creatures vanquished.

Grand Total: 64 creatures vanquished

Notes
Turn   | Place    | Note
--------------------------------------------------------------
     0 | D:1      | Geeful the Octopode Transmuter began the quest for the Orb.
     0 | D:1      | Reached XP level 1. HP: 13/13 MP: 3/3
   166 | D:1      | Found a glowing golden altar of the Shining One.
   217 | D:1      | Reached XP level 2. HP: 2/18 MP: 3/5
  1029 | D:1      | Learned a level 2 spell: Sticks to Snakes
  1259 | D:2      | Reached XP level 3. HP: 21/23 MP: 6/6
  1363 | D:2      | Noticed Jessica
  1379 | D:2      | Killed Jessica
  1466 | D:2      | Reached XP level 4. HP: 28/28 MP: 4/8
  2191 | D:3      | Found a shimmering altar of Xom.
  2470 | D:2      | Learned a level 3 spell: Spider Form
  2584 | D:3      | Reached skill level 4 in Unarmed Combat
  2683 | D:3      | Reached XP level 5. HP: 31/33 MP: 9/9
  2957 | D:3      | Noticed Robin
  2968 | D:3      | Slain by Robin

Vault maps used:
D:1:      eino_arrival_water_star, tso_altar
D:2:      serial_forest, infiniplex_forest_clump_tiny,
          infiniplex_forest_lined_3_way, infiniplex_forest_straight_1,
          infiniplex_forest_lined_1, infiniplex_forest_end_3,
          infiniplex_forest_lined_corner, uniq_jessica
D:3:      serial_bayou_pond_d, xom_teletrap_fun, uniq_robin

Skill      XL: |  1  2  3  4 |
---------------+-------------+-----
Spellcasting   | 3 |  3.3
Transmutations | 3 |  3.1
Unarmed Combat | 4 |  4.0
Fighting       | |  1.0
Dodging        | |  2.0

Action                   |  1- 3 |  4- 6 || total
-------------------------+-------+-------++-------
Melee: Unarmed           |    59 |    95 ||   154
 Cast: Beastly Appendage |    12 |     6 ||    18
       Sticks to Snakes  |     3 |     2 ||     5
       Spider Form       |       |     2 ||     2
  Use: Scroll            |     1 |     4 ||     5
 Stab: Sleeping          |     6 |     4 ||    10
  Eat: Chunk             |     2 |     5 ||     7
